[Event "2023 Perth Open"]
[Site "North Woodvale, Perth WA"]
[Date "2023.02.12"]
[Round "5.12"]
[White "Gupta, Aarnav"]
[Black "Gough, Dylan"]
[Result "1-0"]
[WhiteElo "1348"]
[BlackElo "1742"]
[ECO "D37e"]
[EventDate "2023.02.11"]
[EventType "swiss"]
[EventRounds "6"]
[EventCountry "AUS"]
[TimeControl "3600+30"]

1.d4 Nf6 2.c4 e6 3.Nc3 d5 4.e3 Be7 5.Nf3 b6 6.Be2 Bb7 7.b3 Nbd7 8.Bb2 c5 
9.Rc1 dxc4 10.Bxc4 Nd5 11.dxc5 Nxc5 12.Bb5+ Kf8 13.Nd4 Rc8 14.Nxd5 Bxd5 
15.Qg4 h5 16.Qe2 Ne4 17.O-O Nd6 18.Rxc8 Nxc8 19.e4 Bb7 20.Qf3 Kg8 21.Qg3 
Bf6 22.e5 Bh4 23.Qe3 Bg5 24.f4 Qd5 25.Rf3 Be7 26.Bc4 Qd8 27.Rg3 Bc5 28.b4 
Bxd4 29.Qxd4 Qxd4+ 30.Bxd4 Ne7 31.Rd3 Be4 32.Re3 Bg6 33.Ra3 Nc6 34.Bc3 Kh7
35.b5 Nb8 36.Rxa7 Rc8 37.Ra4 Nd7 38.Bd4 Nc5 39.Bxc5 Rxc5 40.Rb4 Rc7 41.Kf2
Ra7 42.Ke3 Ra3+ 43.Kd4 Kg8 44.Bb3 Ra7 45.Ke3 Kf8 46.Rd4 Ke7 47.h3 Rc7 48.
Rd6 Bc2 49.Bxc2 Rxc2 50.a4 Ra2 51.Rxb6 Rxa4 52.Rd6 f6 53.Ra6 Rb4 54.Rb6 
fxe5 55.fxe5 g5 56.Rb7+ Kd8 57.b6 g4 58.hxg4 hxg4 59.g3 Kc8 60.Rc7+ Kb8 
61.Rc6 Rb3+ 62.Kf4 Rb4+ 63.Kg5 Kb7 64.Rxe6 Re4 65.Kf5 Rb4 66.Rg6 Rb5 67.
Re6 Rb4 68.Kg5 Re4 69.Kf5 Rb4 70.Rg6 Rb5 71.Rxg4 Kxb6 72.Kf6 Kc7 73.Rg7+ 
Kd8 74.e6 Rb6 75.Rd7+ Ke8 76.g4 Rb2 77.Rd5 Rf2+ 78.Rf5 Re2 79.g5 Kf8 80.g6
Rg2 81.e7+ Ke8 82.g7 Rg1 83.Rg5 1-0

[Event "2023 Perth Open"]
[Site "North Woodvale, Perth WA"]
[Date "2023.02.12"]
[Round "5.13"]
[White "Deng, Eric"]
[Black "El-Fayoumi, Adam"]
[Result "0-1"]
[WhiteElo "1730"]
[BlackElo "1288"]
[ECO "B90d"]
[EventDate "2023.02.11"]
[EventType "swiss"]
[EventRounds "6"]
[EventCountry "AUS"]
[TimeControl "3600+30"]

1.e4 c5 2.Nf3 d6 3.d4 cxd4 4.Nxd4 Nf6 5.Nc3 a6 6.f3 e5 7.Nb3 Be6 8.Be2 b5 
9.Be3 h5 10.Nd5 Bxd5 11.exd5 Nbd7 12.f4 e4 13.O-O Nb6 14.Bxb6 Qxb6+ 15.Kh1
Rc8 16.a4 b4 17.a5 Qb7 18.Qd4 Rxc2 19.Qb6 Qxb6 20.axb6 Rxe2 21.b7 Nd7 22.
Rfc1 Be7 23.Rc8+ Bd8 24.b8=Q Nxb8 25.Rxb8 Rxb2 26.Nd4 O-O 27.Nc6 Bf6 28.
Rxf8+ Kxf8 29.Re1 e3 30.g3 e2 31.Kg2 Bc3 0-1

[Event "2023 Perth Open"]
[Site "North Woodvale, Perth WA"]
[Date "2023.02.12"]
[Round "5.14"]
[White "Balavignan, Ashvin"]
[Black "Pimenov, Alex"]
[Result "1-0"]
[WhiteElo "1380"]
[BlackElo "1719"]
[ECO "E91q"]
[EventDate "2023.02.11"]
[EventType "swiss"]
[EventRounds "6"]
[EventCountry "AUS"]
[TimeControl "3600+30"]

1.d4 Nf6 2.c4 g6 3.Nc3 Bg7 4.e4 d6 5.Nf3 O-O 6.Be2 Nbd7 7.h3 e5 8.d5 Nc5 
9.Qc2 a5 10.Be3 b6 11.Bxc5 bxc5 12.O-O Ne8 13.Ne1 f5 14.f3 f4 15.Bd3 Qg5 
16.Kf2 Nf6 17.Ke2 Nh5 18.Kd1 Bd7 19.Ne2 Rfb8 20.Qd2 Rb4 21.Rb1 Qd8 22.Nc2 
Rb7 23.Nc3 Qb8 24.Nb5 c6 25.dxc6 Bxc6 26.a4 Bxb5 27.cxb5 Nf6 28.Bc4+ Kh8 
29.Bd5 Nxd5 30.Qxd5 Rd7 31.Na3 Qb7 32.Qxb7 Rxb7 33.Kc2 Rd8 34.Rfd1 Bf8 35.
Rd5 Be7 36.Nc4 Ra7 37.Rbd1 Kg8 38.Nxd6 Bxd6 39.Rxd6 Rxd6 40.Rxd6 Kf7 41.
Rd5 Ke6 42.Rxc5 Kd6 43.Rc6+ Kd7 44.Kc3 1-0

[Event "2023 Perth Open"]
[Site "North Woodvale, Perth WA"]
[Date "2023.02.12"]
[Round "5.15"]
[White "Huang, Hui"]
[Black "Ley, Nick"]
[Result "1-0"]
[WhiteElo "1709"]
[BlackElo "695"]
[ECO "A45g"]
[EventDate "2023.02.11"]
[EventType "swiss"]
[EventRounds "6"]
[EventCountry "AUS"]
[TimeControl "3600+30"]

1.d4 Nf6 2.Bf4 d6 3.Nc3 c6 4.e4 Qa5 5.f3 Nbd7 6.g4 e5 7.dxe5 Nxe5 8.Be2 
Bd7 9.Qd2 O-O-O 10.O-O-O Be7 11.Kb1 Qc7 12.h4 Be6 13.Qe3 d5 14.exd5 Nxd5 
15.Nxd5 Bxd5 16.Bxe5 Bd6 17.Bxd6 Rxd6 18.Bd3 c5 19.Nh3 Rhd8 20.Nf4 Bc4 21.
Bf5+ Kb8 22.Rxd6 Qxd6 23.Bd3 Bxd3 24.Nxd3 b6 25.Qe5 f6 26.Qxd6+ Rxd6 27.
Re1 Rd7 28.Kc1 Kc7 29.Nf4 Kc6 30.c3 a5 31.Kc2 a4 32.c4 Rd4 33.Re6+ Kd7 34.
Re4 Rd6 35.Nd5 Kd8 36.h5 g6 37.hxg6 hxg6 38.Rf4 g5 39.Rxf6 Rxf6 40.Nxf6 
Ke7 41.Nd5+ Ke6 42.Kd3 Ke5 43.Nxb6 Kf4 44.Ke2 1-0

[Event "2023 Perth Open"]
[Site "North Woodvale, Perth WA"]
[Date "2023.02.12"]
[Round "5.17"]
[White "Gupta, Anoushka"]
[Black "Gough, Sebastian"]
[Result "1-0"]
[WhiteElo "999"]
[BlackElo "1080"]
[ECO "B13h"]
[EventDate "2023.02.11"]
[EventType "swiss"]
[EventRounds "6"]
[EventCountry "AUS"]
[TimeControl "3600+30"]

1.e4 c6 2.d4 d5 3.exd5 cxd5 4.Bd3 Nc6 5.c3 Nf6 6.h3 e6 7.Bf4 Bd6 8.Bxd6 
Qxd6 9.Nf3 O-O 10.O-O e5 11.dxe5 Nxe5 12.Nxe5 Qxe5 13.Nd2 Qg5 14.Nf3 Qh6 
15.Qd2 Qxd2 16.Nxd2 Be6 17.Nb3 b6 18.Nd4 Rfe8 19.Bb5 Bd7 20.Bxd7 Nxd7 21.
Nb5 Re5 22.Rfd1 Nf6 23.Rd2 h6 24.Rad1 Rd8 25.Nxa7 Ra8 26.Nc6 Re6 27.Nb4 
Ra5 28.a3 Re5 29.Nc6 d4 30.Rxd4 Rec5 31.Nxa5 Rxa5 32.Rb4 b5 33.Rd8+ Kh7 
34.Rb8 Nd5 35.R4xb5 Rxb5 36.Rxb5 Nf4 37.a4 Nd3 38.a5 Ne1 39.a6 Nc2 40.a7 
Ne1 41.a8=Q Nc2 42.Qe4+ g6 43.Rb7 Kg8 44.Qe8+ Kh7 45.Qxf7+ Kh8 46.Qg7# 1-0

[Event "2023 Perth Open"]
[Site "North Woodvale, Perth WA"]
[Date "2023.02.12"]
[Round "5.19"]
[White "Cavosie-Pletsch, Yasmina"]
[Black "Bui, Anthony"]
[Result "1-0"]
[WhiteElo "1338"]
[BlackElo "951"]
[ECO "C42g"]
[EventDate "2023.02.11"]
[EventType "swiss"]
[EventRounds "6"]
[EventCountry "AUS"]
[TimeControl "3600+30"]

1.e4 e5 2.Nf3 Nf6 3.Nxe5 Nc6 4.Nxc6 dxc6 5.d3 Bc5 6.Be2 h5 7.c3 Ng4 8.d4 
Be7 9.f3 Nf6 10.O-O c5 11.Bg5 cxd4 12.Qxd4 Bd7 13.e5 b6 14.exf6 Bc5 15.
fxg7 Bxd4+ 16.cxd4 Rg8 17.Bxd8 Rxd8 18.Nc3 Rxg7 19.Ne4 Bc8 20.Bb5+ Ke7 21.
Rad1 Rdg8 22.Rf2 Bh3 23.Bf1 h4 24.g3 hxg3 25.hxg3 Be6 26.d5 Bd7 27.Re2 Kd8
28.d6 Bb5 29.dxc7+ Kxc7 30.Rc2+ Kb7 31.Bxb5 f5 32.Nd6+ Kb8 33.Nxf5 Rh7 34.
Rcd2 Rh5 35.Rd8+ Rxd8 36.Rxd8+ Kb7 37.Nd6+ Kc7 38.Rd7+ Kb8 39.Rb7+ Ka8 40.
Ba6 b5 41.Ne8 Rh7 42.Rxh7 b4 43.Rh8 Kb8 44.b3 1-0

[Event "2023 Perth Open"]
[Site "North Woodvale, Perth WA"]
[Date "2023.02.12"]
[Round "5.21"]
[White "Passmore Bowman, Tobias"]
[Black "Kerr, Carter"]
[Result "1-0"]
[WhiteElo "1231"]
[BlackElo "705"]
[ECO "C54i"]
[EventDate "2023.02.11"]
[EventType "swiss"]
[EventRounds "6"]
[EventCountry "AUS"]
[TimeControl "3600+30"]

1.e4 e5 2.Nf3 Nc6 3.Bc4 Bc5 4.c3 Nf6 5.d3 d6 6.O-O O-O 7.Nbd2 Bg4 8.h3 Bh5
9.a4 d5 10.exd5 Nxd5 11.Re1 Nf4 12.Ne4 Be7 13.Ng3 Bg6 14.Nxe5 Nxe5 15.Rxe5
Bd6 16.Bxf4 Bxe5 17.Bxe5 Re8 18.Bd4 Qd6 19.Qd2 c5 20.Be3 Rad8 21.Rd1 a6 
22.d4 Qc6 23.b3 b5 24.axb5 axb5 25.Bd3 Bxd3 26.Qxd3 c4 27.bxc4 bxc4 28.Qc2
Rb8 29.Rb1 Qg6 30.Rxb8 Rxb8 31.Qa2 Qb1+ 32.Qxb1 Rxb1+ 33.Kh2 Rb3 34.Bd2 
Rb2 35.Nf1 Kf8 36.Kg3 Ke7 37.Kf4 Ke6 38.g3 f6 39.g4 g6 40.g5 f5 41.h4 Kd6 
42.Ne3 Rb1 43.Nxc4+ Ke6 44.Ne5 Rh1 45.Nf3 Kd5 46.Be1 Rh3 47.Bd2 Rh1 48.Kg3
Rb1 49.Ne5 Ke4 50.f3+ Kd5 51.Be3 Rb3 52.c4+ Kd6 53.Bf2 Rb2 54.Nf7+ Ke7 55.
Nh6 Rb4 56.c5 Kd7 57.Ng8 Ke6 58.Nf6 h5 59.d5+ Ke7 60.c6 Kd6 61.Ne8+ Kxd5 
62.c7 Rc4 63.Ba7 Ke6 64.Bb8 Kd7 65.Nf6+ Kc8 66.Nh7 Kb7 67.Nf6 Kc8 68.Nd5 
Kb7 69.Ne7 Rc1 70.c8=Q+ Rxc8 71.Nxc8 Kxc8 72.Kf4 Kd7 73.Ke5 Ke7 74.f4 1-0

[Event "2023 Perth Open"]
[Site "North Woodvale, Perth WA"]
[Date "2023.02.12"]
[Round "6.1"]
[White "Kuybokarov, Temur"]
[Black "Andador, Dominador"]
[Result "1-0"]
[WhiteElo "2725"]
[WhiteTitle "GM"]
[BlackElo "1978"]
[ECO "B12"]
[EventDate "2023.02.11"]
[EventType "swiss"]
[EventRounds "6"]
[EventCountry "AUS"]
[TimeControl "3600+30"]

1. e4 c6 2. d4 d5 3. e5 e6 4. Nf3 Ne7 5. c4 dxc4 6. Bxc4 Nd5 7. O-O Nd7 8. Qe2
N7b6 9. Bb3 a5 10. a3 h6 11. Nc3 Be7 12. Ne4 Qc7 13. Bd2 Bd7 14. Rac1 Nc8 15.
Rc2 Qb6 16. Ba2 Na7 17. Nc5 Nb5 18. Qe4 Nbc7 19. Bc1 Na6 20. Nd3 Nac7 21. Nd2
Qa7 22. Nc4 Nb5 23. Be3 O-O-O 24. a4 Nbc7 25. Nd6+ Bxd6 26. exd6 Ne8 27. Bxd5
exd5 28. Qxd5 Be6 29. Qe5 Bd7 30. d5 Qb8 31. Bb6 Qxd6 32. Bxd8 Kxd8 33. dxc6
1-0

[Event "2023 Perth Open"]
[Site "North Woodvale, Perth WA"]
[Date "2023.02.12"]
[Round "6.2"]
[White "Fu, Yihe (Rebo)"]
[Black "Gong, Patrick"]
[Result "0-1"]
[WhiteElo "2356"]
[BlackElo "2528"]
[BlackTitle "FM"]
[ECO "B09"]
[EventDate "2023.02.11"]
[EventType "swiss"]
[EventRounds "6"]
[EventCountry "AUS"]
[TimeControl "3600+30"]

1. e4 d6 2. d4 Nf6 3. Nc3 g6 4. f4 Bg7 5. Nf3 O-O 6. Bd3 Na6 7. O-O c5 8. d5
Bg4 9. h3 Bxf3 10. Qxf3 Nb4 11. a3 Nxd3 12. Qxd3 Qb6 13. Be3 Qa6 14. Rab1 Rfc8
15. Qd2 b5 16. Qe2 Qb7 17. Qf3 b4 18. Ne2 bxa3 19. bxa3 Qa6 20. Bc1 Qc4 21. Nc3
Rab8 22. Qd3 Qxd3 23. cxd3 Rxb1 24. Nxb1 c4 25. Kf2 cxd3 26. Ke3 Rc4 27. Nd2
Ra4 28. Kxd3 Nd7 29. Nb3 f5 30. Re1 Kf7 31. g4 Nf6 32. gxf5 gxf5 33. exf5 Nxd5
34. Re4 Ra6 35. Re6 Rb6 36. Na5 Rb5 37. Nc6 Rc5 38. Nd8+ Ke8 39. Nb7 Rxc1 40.
Nxd6+ Kd7 41. Kd2 Rc6 42. Ne4 Nxf4 43. Nc5+ Kd8 0-1

[Event "2023 Perth Open"]
[Site "North Woodvale, Perth WA"]
[Date "2023.02.12"]
[Round "6.3"]
[White "Hare, Tim"]
[Black "Teh, Rui Gen"]
[Result "1/2-1/2"]
[WhiteElo "2262"]
[BlackElo "2190"]
[ECO "A37"]
[EventDate "2023.02.11"]
[EventType "swiss"]
[EventRounds "6"]
[EventCountry "AUS"]
[TimeControl "3600+30"]

1. Nf3 c5 2. g3 Nc6 3. Bg2 g6 4. d3 Bg7 5. c4 d6 6. Nc3 Bf5 7. O-O Qd7 8. Qb3
Rb8 9. Re1 Bh3 10. Bh1 h5 11. Bg5 Nh6 12. e4 Ng4 13. Nd5 Nge5 14. Be3 h4 15.
Ng5 hxg3 16. hxg3 Ng4 17. Nf4 Nxe3 18. fxe3 Bg4 19. Bg2 Bf6 20. Nf3 1/2-1/2

[Event "2023 Perth Open"]
[Site "North Woodvale, Perth WA"]
[Date "2023.02.12"]
[Round "6.4"]
[White "Barry, David"]
[Black "King, David"]
[Result "1/2-1/2"]
[WhiteElo "1895"]
[BlackElo "2031"]
[ECO "C92"]
[EventDate "2023.02.11"]
[EventType "swiss"]
[EventRounds "6"]
[EventCountry "AUS"]
[TimeControl "3600+30"]

1. e4 e5 2. Nf3 Nc6 3. Bb5 a6 4. Ba4 Nf6 5. O-O Be7 6. Re1 b5 7. Bb3 d6 8. c3
O-O 9. h3 Bb7 10. d4 Nd7 11. Nbd2 exd4 12. cxd4 Bf6 13. Nf1 Na5 14. Bc2 Re8 15.
Ng3 g6 16. a4 c5 17. axb5 axb5 18. Bf4 Nc6 19. Rxa8 Bxa8 20. Bxd6 cxd4 21. Bf4
Nde5 22. Bxe5 Bxe5 23. Nxe5 Nxe5 24. Bd3 Qb6 25. f3 Bb7 26. Qb3 Ba6 27. Rd1 Rc8
28. Kh1 Rd8 29. Ne2 Nxd3 30. Rxd3 b4 31. Rd2 d3 32. Nc1 Qe3 33. Qd1 Bc4 34. b3
Bb5 35. Kh2 Qf4+ 36. Kg1 Qe3+ 37. Kh2 Qf4+ 38. Kg1 Qe3+ 39. Kh2 1/2-1/2

[Event "2023 Perth Open"]
[Site "North Woodvale, Perth WA"]
[Date "2023.02.12"]
[Round "6.5"]
[White "Harirajesh, Barath"]
[Black "Clarke, Daniel"]
[Result "0-1"]
[WhiteElo "1394"]
[BlackElo "1854"]
[ECO "C58"]
[EventDate "2023.02.11"]
[EventType "swiss"]
[EventRounds "6"]
[EventCountry "AUS"]
[TimeControl "3600+30"]

1. e4 {(=)} e5 2. Nf3 Nc6 3. Bc4 Nf6 4. Ng5 d5 5. exd5 Na5 6. Bb5+ c6 7. dxc6
bxc6 8. Bd3 h6 9. Ne4 Nd5 10. Ng3 Bc5 11. Qe2 Qe7 12. O-O Nf4 13. Qf3 Nxd3 14.
Qxd3 Be6 15. Qe2 Bd6 16. d3 O-O 17. Bd2 Qc7 18. Nc3 f5 19. b3 Nb7 20. f4 Rae8
21. Qf3 Nc5 22. Kh1 Nd7 23. Rae1 Nf6 24. fxe5 Bxe5 25. Bf4 Bxf4 26. Qxf4 Qxf4
27. Rxf4 g5 28. Ra4 Bxb3 29. Rf1 Bxa4 30. Nxa4 Nd5 31. Kg1 Ne3 32. Rc1 Re5 33.
Nc3 Rfe8 34. Nge2 Nd5 35. Kf2 Kf7 36. Rb1 Rxe2+ 37. Nxe2 Rxe2+ 38. Kxe2 Nc3+
39. Ke3 Nxb1 40. Kd4 Ke6 41. c4 Kd6 42. c5+ Ke6 43. h3 Na3 0-1

[Event "2023 Perth Open"]
[Site "North Woodvale, Perth WA"]
[Date "2023.02.12"]
[Round "6.6"]
[White "Laubbacher, Jamie"]
[Black "Huang, Hui"]
[Result "1-0"]
[WhiteElo "2179"]
[BlackElo "1709"]
[ECO "A19"]
[EventDate "2023.02.11"]
[EventType "swiss"]
[EventRounds "6"]
[EventCountry "AUS"]
[TimeControl "3600+30"]

1. c4 Nf6 2. Nc3 e6 3. e4 c5 4. e5 Ng8 5. Nf3 d6 6. exd6 Bxd6 7. d4 cxd4 8.
Nxd4 Nf6 9. Ndb5 Be7 10. Qxd8+ Kxd8 11. Bf4 Na6 12. O-O-O+ Ke8 13. Be2 Bd7 14.
Bf3 Bc6 15. Bxc6+ bxc6 16. Nd6+ Bxd6 17. Rxd6 Rc8 18. Rhd1 Ke7 19. Be3 Nd5 20.
Nxd5+ Kxd6 21. Nb4+ Ke7 22. Nxa6 f6 23. Nb4 a5 24. Bc5+ Kf7 25. Rd7+ Kg6 26.
Nd3 e5 27. Bb6 Ra8 28. Rc7 h5 29. Rxc6 Kf5 30. Kd2 g5 31. c5 e4 32. Nc1 a4 33.
Ne2 Rhf8 34. Nd4+ Ke5 35. Ke3 Rae8 36. Bc7+ Kd5 37. Rd6+ Kc4 38. b3+ axb3 39.
axb3+ Kb4 40. Rb6+ Kc3 41. Bd6 Rf7 42. c6 f5 43. g3 f4+ 44. gxf4 gxf4+ 45. Bxf4
Rxf4 46. Ne2+ 1-0

[Event "2023 Perth Open"]
[Site "North Woodvale, Perth WA"]
[Date "2023.02.12"]
[Round "6.7"]
[White "Gao, Oscar"]
[Black "Simonds, Marcus"]
[Result "1-0"]
[WhiteElo "2006"]
[BlackElo "1768"]
[ECO "C06"]
[EventDate "2023.02.11"]
[EventType "swiss"]
[EventRounds "6"]
[EventCountry "AUS"]
[TimeControl "3600+30"]

1. e4 e6 2. d4 d5 3. Nd2 Nf6 4. e5 Nfd7 5. Bd3 c5 6. c3 Nc6 7. Ne2 cxd4 8. cxd4
f6 9. exf6 Nxf6 10. Nf3 Bd6 11. Bg5 O-O 12. O-O h6 13. Bh4 e5 14. dxe5 Nxe5 15.
Nxe5 Bxe5 16. Nc3 Qd6 17. Bxf6 Bxh2+ 18. Kh1 Rxf6 19. Nxd5 Rf8 20. Bc4 Kh8 21.
g3 Bh3 22. Nf4 Qc7 23. Nxh3 Bxg3 24. fxg3 Qxc4 25. Nf4 Rf6 26. Qd2 g5 27. Qd5
Rxf4 28. Qe5+ Kg8 29. gxf4 Qc6+ 30. Kh2 Re8 31. Qd4 Re4 32. Qd8+ Re8 33. Qd3
Qf6 34. Qb3+ Kh7 35. Rad1 Re2+ 36. Kg1 Qf5 37. Qd3 1-0

[Event "2023 Perth Open"]
[Site "North Woodvale, Perth WA"]
[Date "2023.02.12"]
[Round "6.8"]
[White "Harris, Eamon"]
[Black "Balavignan, Ashvin"]
[Result "1-0"]
[WhiteElo "1884"]
[BlackElo "1380"]
[ECO "D59"]
[EventDate "2023.02.11"]
[EventType "swiss"]
[EventRounds "6"]
[EventCountry "AUS"]
[TimeControl "3600+30"]

1. d4 Nf6 2. c4 e6 3. Nc3 d5 4. Bg5 Be7 5. Nf3 O-O 6. e3 b6 7. Bd3 h6 8. Bh4
Bb7 9. cxd5 Nxd5 10. Bxe7 Qxe7 11. O-O Nxc3 12. bxc3 Nd7 13. e4 c5 14. Re1 Rac8
15. Rc1 cxd4 16. cxd4 Rxc1 17. Qxc1 Rc8 18. Qd2 Nf6 19. Bb1 Qe8 20. Qd3 g6 21.
h3 Kg7 22. e5 Nd5 23. h4 Rc3 24. Qe4 Qd7 25. Qg4 Ne7 26. Qf4 Nf5 27. Be4 Bxe4
28. Rxe4 Qa4 29. g4 Ne7 30. Qf6+ Kf8 31. Rf4 Qe8 32. Qxe6 Rc6 33. Qb3 Kg7 34.
d5 Rc5 35. Rd4 Qc8 36. d6 Nc6 37. Rf4 Qd7 38. Qb2 Kg8 39. h5 g5 40. Rf5 Qe6 41.
Kg2 f6 42. Rxf6 Qxg4+ 43. Kf1 Qd7 44. Rg6+ Kh7 45. e6 Qb7 46. Qf6 Qa6+ 47. Kg2
Qb7 48. Rxh6+ 1-0

[Event "2023 Perth Open"]
[Site "North Woodvale, Perth WA"]
[Date "2023.02.12"]
[Round "6.9"]
[White "Gulley, Trent"]
[Black "Gupta, Aarnav"]
[Result "0-1"]
[WhiteElo "1870"]
[BlackElo "1348"]
[ECO "E17"]
[EventDate "2023.02.11"]
[EventType "swiss"]
[EventRounds "6"]
[EventCountry "AUS"]
[TimeControl "3600+30"]

1. d4 d5 2. c4 e6 3. Nf3 Nf6 4. g3 Be7 5. Bg2 O-O 6. O-O b6 7. Qc2 Bb7 8. Nbd2
Nbd7 9. b3 Rc8 10. Bb2 c5 11. cxd5 Nxd5 12. Qb1 Ba6 13. Re1 cxd4 14. Bxd4 Bf6
15. Bxf6 N7xf6 16. Qb2 Nc3 17. e4 Qc7 18. Kh1 Ng4 19. Nf1 Qc5 20. Ne3 Nxe3 21.
Rxe3 Nb5 22. Ne5 Rfd8 23. Bf1 Bb7 24. Bg2 Qc2 25. Re2 Rd1+ 0-1

[Event "2023 Perth Open"]
[Site "North Woodvale, Perth WA"]
[Date "2023.02.12"]
[Round "6.10"]
[White "El-Fayoumi, Adam"]
[Black "Chen, Angus"]
[Result "1-0"]
[WhiteElo "1288"]
[BlackElo "1719"]
[ECO "C36"]
[EventDate "2023.02.11"]
[EventType "swiss"]
[EventRounds "6"]
[EventCountry "AUS"]
[TimeControl "3600+30"]

1. e4 e5 2. f4 d5 3. exd5 exf4 4. Nf3 Nf6 5. Nc3 Nxd5 6. Bc4 Nxc3 7. bxc3 Bd6
8. O-O O-O 9. d4 Bg4 10. Qd3 h6 11. Qg6 Bd7 12. Ne5 Bxe5 13. dxe5 Bb5 14. Qe4
Bxc4 15. Qxc4 Re8 16. Qxf4 Qd7 17. Be3 Nc6 18. Bd4 Qe6 19. Rae1 Rad8 20. Rf3
Ne7 21. Ref1 Rf8 22. Bc5 Rd5 23. Qb4 Nc6 24. Qb3 Rfd8 25. Rxf7 Qxf7 26. Rxf7
Kxf7 27. Bd6 Ke6 28. Bxc7 R8d7 29. Qxb7 Nxe5 30. Qxa7 Ng4 31. Qb6+ R7d6 32. Qb3
Kd7 33. g3 Rd1+ 34. Kg2 R6d2+ 35. Kf3 Nxh2+ 36. Ke4 Kxc7 37. a4 Re1+ 38. Kf5
Rd6 39. Qc4+ Kd7 40. Qb5+ Ke7 41. Qb7+ Rd7 42. Qb4+ Kf7 43. Qc4+ Kf8 44. Qc8+
Ke7 45. Qc5+ Kd8 46. Qb6+ Ke8 47. Qb8+ Kf7 48. Qb3+ Kf8 49. Kg6 Ree7 50. Qb4
Nf3 51. Qb8+ Re8 52. Qf4+ Kg8 53. Qxf3 Rd6+ 54. Kh5 Re5+ 55. Kh4 Kh7 56. c4
Rd4+ 57. Kh3 Rxc4 58. a5 Rcc5 59. Qd3+ Rf5 60. g4 Rxa5 61. gxf5 1-0

[Event "2023 Perth Open"]
[Site "North Woodvale, Perth WA"]
[Date "2023.02.12"]
[Round "6.11"]
[White "Gupta, Anoushka"]
[Black "Gunawan, Tjermin"]
[Result "1/2-1/2"]
[WhiteElo "999"]
[BlackElo "1844"]
[ECO "B13"]
[EventDate "2023.02.11"]
[EventType "swiss"]
[EventRounds "6"]
[EventCountry "AUS"]
[TimeControl "3600+30"]

1. e4 c6 2. d4 d5 3. exd5 cxd5 4. Bd3 Nc6 5. c3 Qc7 6. h3 Nf6 7. Nf3 g6 8. Bg5
Bg7 9. O-O O-O 10. Nbd2 Re8 11. Re1 Nh5 12. g4 Nf4 13. Bxf4 Qxf4 14. Qe2 e5 15.
Qe3 Qxe3 16. Rxe3 e4 17. Bb5 Bd7 18. Nh2 a6 19. Ba4 b5 20. Bb3 Be6 21. a3 Na5
22. Ba2 Nc4 23. Nxc4 bxc4 24. f3 f5 25. gxf5 Bxf5 26. fxe4 Bxe4 27. Rae1 Rac8
28. Bb1 Bh6 29. R3e2 Rb8 30. Ng4 Bg5 1/2-1/2

[Event "2023 Perth Open"]
[Site "North Woodvale, Perth WA"]
[Date "2023.02.12"]
[Round "6.12"]
[White "Wu, Kobe"]
[Black "Ng, Erick"]
[Result "1-0"]
[WhiteElo "1289"]
[BlackElo "1642"]
[ECO "C54"]
[EventDate "2023.02.11"]
[EventType "swiss"]
[EventRounds "6"]
[EventCountry "AUS"]
[TimeControl "3600+30"]

1. e4 e5 2. Nf3 Nc6 3. Bc4 Nf6 4. d3 Bc5 5. c3 a5 6. Nbd2 a4 7. a3 d6 8. O-O
O-O 9. Bb5 Ng4 10. Bxa4 f5 11. exf5 Bxf5 12. Ne4 Bxe4 13. dxe4 Qf6 14. Bg5 Qg6
15. Bc2 Nxf2 16. Rxf2 Rxf3 17. Qxf3 Rc8 18. Be3 Bxe3 19. Qxe3 h6 20. Raf1 Na5
21. Qg3 Qe6 22. Qh3 Qe8 23. b4 Nc6 24. Bb3+ Kh8 25. Qxc8 Qxc8 26. Rf8+ Qxf8 27.
Rxf8+ Kh7 28. Rc8 Na7 29. Rxc7 Nb5 30. Rxb7 Nxa3 31. Rb6 Nb1 32. c4 Nd2 33. c5
Nxb3 34. cxd6 Nd2 35. d7 Nxe4 36. d8=Q Nf6 37. Qd3+ Kg8 38. Qg6 Nd7 39. Qe6+
Kf8 40. Qxd7 Kg8 41. Rb7 g6 42. Qg7# 1-0

[Event "2023 Perth Open"]
[Site "North Woodvale, Perth WA"]
[Date "2023.02.12"]
[Round "6.13"]
[White "Van Burgel, Bradley"]
[Black "McAteer, Ian"]
[Result "1/2-1/2"]
[WhiteElo "1622"]
[BlackElo "1822"]
[ECO "B15"]
[EventDate "2023.02.11"]
[EventType "swiss"]
[EventRounds "6"]
[EventCountry "AUS"]
[TimeControl "3600+30"]

1. e4 c6 2. d4 d5 3. Nd2 dxe4 4. Nxe4 Nf6 5. Ng3 e6 6. Be2 Nbd7 7. Bf4 Qb6 8.
Rb1 c5 9. c3 cxd4 10. cxd4 Bb4+ 11. Kf1 O-O 12. Nf3 Be7 13. h4 Nd5 14. Bg5 f6
15. Bc1 Rd8 16. Qb3 Nf8 17. Qxb6 Nxb6 18. b3 Nd5 19. Bb2 a6 20. Ne4 b6 21. g3
Bb7 22. Kg2 h6 23. Nc3 b5 24. Ne4 Rac8 25. Rhc1 Ne3+ 26. fxe3 Bxe4 27. Rxc8
Rxc8 28. Rc1 Rxc1 29. Bxc1 Bd6 30. Bd2 e5 31. dxe5 Bxe5 32. a4 Bc6 33. axb5
axb5 34. Kf2 Nd7 35. Nd4 Bxd4 36. exd4 Kf7 37. b4 Nb6 38. g4 Ke6 39. h5 f5 40.
g5 hxg5 41. Bxg5 Nd5 42. Bd2 Nf6 43. Bf4 Ne4+ 44. Ke3 Nc3 45. Kd3 Nd5 46. Bd2
f4 47. Bf3 Nxb4+ 48. Ke2 Bxf3+ 49. Kxf3 Nd5 50. Bxf4 Nxf4 51. Kxf4 Kd5 52. Ke3
b4 53. Kd3 b3 54. Kc3 b2 55. Kxb2 Kxd4 56. Kc2 Ke5 57. h6 gxh6 58. Kd3 Kf4 59.
Ke2 Kg3 60. Kf1 Kh2 1/2-1/2

[Event "2023 Perth Open"]
[Site "North Woodvale, Perth WA"]
[Date "2023.02.12"]
[Round "6.14"]
[White "Gough, Dylan"]
[Black "Passmore Bowman, Tobias"]
[Result "1-0"]
[WhiteElo "1742"]
[BlackElo "1231"]
[ECO "D35"]
[EventDate "2023.02.11"]
[EventType "swiss"]
[EventRounds "6"]
[EventCountry "AUS"]
[TimeControl "3600+30"]

1. d4 d5 2. c4 dxc4 3. Nc3 Nf6 4. Bf4 e6 5. e3 a6 6. Bxc4 b5 7. Bd3 Bb7 8. Nf3
Nbd7 9. O-O c5 10. Be2 Be7 11. dxc5 Bxc5 12. Bd6 Bxd6 13. Qxd6 Qe7 14. Qxe7+
Kxe7 15. b4 Rac8 16. Rac1 Nb6 17. Ne5 Rhd8 18. Bf3 Bxf3 19. Nxf3 Nbd5 20. Nxd5+
Nxd5 21. a3 Nb6 22. Ne5 f6 23. Nc6+ Rxc6 24. Rxc6 Rb8 25. Rfc1 h6 26. Kf1 h5
27. Rc7+ Nd7 28. Rd1 1-0

[Event "2023 Perth Open"]
[Site "North Woodvale, Perth WA"]
[Date "2023.02.12"]
[Round "6.15"]
[White "Ley, Nick"]
[Black "Deng, Eric"]
[Result "0-1"]
[WhiteElo "695"]
[BlackElo "1730"]
[ECO "D02"]
[EventDate "2023.02.11"]
[EventType "swiss"]
[EventRounds "6"]
[EventCountry "AUS"]
[TimeControl "3600+30"]

1. d4 d5 2. Nc3 Nf6 3. Bf4 Bf5 4. e3 e6 5. Nf3 c5 6. Nb5 Na6 7. c3 Be7 8. Ne5
O-O 9. Bd3 Bxd3 10. Qxd3 Nd7 11. O-O Nxe5 12. Bxe5 Qd7 13. Na3 cxd4 14. cxd4
Rac8 15. Nc2 Rc6 16. a3 Rfc8 17. Rfc1 Bd6 18. Bxd6 Qxd6 19. b4 Rc3 20. Qd2 Qc6
21. Ra2 Qa4 22. b5 Nb8 23. Kf1 Qc4+ 24. Ke1 Qxa2 25. Kd1 Qb3 26. f3 Rd3 27.
Qxd3 Qxd3+ 28. Ke1 Rxc2 0-1

[Event "2023 Perth Open"]
[Site "North Woodvale, Perth WA"]
[Date "2023.02.12"]
[Round "6.16"]
[White "Pimenov, Alex"]
[Black "Chong, Seth"]
[Result "1-0"]
[WhiteElo "1719"]
[BlackElo "923"]
[ECO "D30"]
[EventDate "2023.02.11"]
[EventType "swiss"]
[EventRounds "6"]
[EventCountry "AUS"]
[TimeControl "3600+30"]

1. d4 Nf6 2. c4 e6 3. Nf3 d5 4. Bg5 Be7 5. e3 O-O 6. Bd3 a6 7. O-O dxc4 8. Bxc4
b5 9. Bd3 Bb7 10. Ne5 Nbd7 11. f4 Nd5 12. Qh5 f5 13. Nxd7 Qxd7 14. Rf3 Bxg5 15.
fxg5 Nxe3 16. Rxe3 Qxd4 17. Kf2 g6 18. Qh3 f4 19. Qxe6+ Rf7 20. Nc3 fxe3+ 21.
Ke2 Kf8 22. Nd1 Re8 23. Qh3 Rf2+ 24. Nxf2 exf2+ 25. Kf1 Qxb2 26. Rd1 Qc3 27.
Be2 Qxh3 28. gxh3 Bc8 29. Kxf2 Bxh3 30. Rc1 Rc8 31. Rc6 Ke7 32. Rxa6 Rf8+ 33.
Kg3 Bd7 34. Ra7 Rf5 35. Rxc7 Rxg5+ 36. Kf4 Rf5+ 37. Ke4 Kd6 38. Rc2 Re5+ 39.
Kf3 Rc5 40. Rd2+ Rd5 41. Rb2 Rf5+ 42. Kg3 Rg5+ 43. Kf4 Rf5+ 44. Kg3 Rd5 45. Kf3
Bc6 46. Kf4 Rd4+ 47. Ke3 Re4+ 48. Kf2 Kc5 49. Rc2+ {Time expired} 1-0